 Dungeon Crawl Stone Soup version 0.16.2-2-g470672f (webtiles) character file.

338 dearth the Cudgeler (level 6, -6/56 HPs)
             Began as a Minotaur Fighter on Aug 23, 2015.
             Mangled by a mummy (15 damage)
             ... in an ossuary.
             The game lasted 00:08:08 (2577 turns).

dearth the Cudgeler (Minotaur Fighter)              Turns: 2577, Time: 00:08:08

Health: -6/56      AC:  7    Str: 22    XL:     6   Next: 29%
Magic:  3/3        EV:  7    Int:  5    God:
Gold:   214        SH: 10    Dex: 10    Spells: 0 memorised, 5 levels left

rFire  . . .     SeeInvis .     a - +0 flail
rCold  . . .     Clarity  .     b - +0 scale mail
rNeg   . . .     SustAb   .     c - +0 shield
rPois  .         Gourm    .     (helmet restricted)
rElec  .         Spirit   .     (no cloak)
rCorr  .         Warding  .     (no gloves)
rMut   .         Stasis   .     (no boots)
MR     .....                    m - amulet of rage
Stlth  ..........               (no ring)
                                (no ring)

@: not resistant to hostile enchantments, extremely unstealthy
A: retaliatory headbutt, horns 2
a: Evoke Berserk Rage


You were in an ossuary.
You were not hungry.

You visited 1 branch of the dungeon, and saw 4 of its levels.
You also visited: Sewer and Ossuary.

You collected 214 gold pieces.

Inventory:

Hand weapons
 a - a +0 flail (weapon)
Armour
 b - a +0 scale mail (worn)
 c - a +0 shield (worn)
Jewellery
 m - an amulet of rage (around neck)
 s - an uncursed amulet of faith
Scrolls
 e - a scroll of blinking {unknown}
 f - a scroll of immolation {unknown}
 i - 3 scrolls of remove curse {unknown}
 l - 2 scrolls of random uselessness {unknown}
 n - a scroll of teleportation {unknown}
 o - a scroll of noise {unknown}
 p - a scroll of magic mapping {unknown}
 r - a scroll of identify {unknown}
Potions
 g - a potion of invisibility {unknown}
 j - 4 potions of curing {unknown}
 k - 2 potions of magic {unknown}
 t - a potion of brilliance {unknown}
 u - a potion of haste {unknown}
 v - a potion of flight {unknown}
Comestibles
 d - 5 bread rations
 h - a meat ration


   Skills:
 + Level 5.1 Fighting
 * Level 5.4 Maces & Flails
 + Level 4.7 Armour
 + Level 5.0 Shields


You had 5 spell levels left.
You didn't know any spells.

Dungeon Overview and Level Annotations

Branches:
Dungeon (4/15)
 Temple: D:4-7

Altars:
Qazlal

Annotations:
D:4 Misdraevus' ghost, average DsGl


Innate Abilities, Weirdness & Mutations

You reflexively headbutt those who attack you in melee.
You have a pair of horns on your head.


Message History

You completely miss the gnoll zombie.
The gnoll zombie hits you but does no damage.
You completely miss the gnoll zombie. You headbutt the gnoll zombie!
You thump the gnoll zombie!
You destroy the gnoll zombie!
You sock the kobold zombie! You block the kobold zombie's attack.
The mummy barely misses you.
The kobold zombie hits you but does no damage.
You barely miss the kobold zombie. You headbutt the kobold zombie.
You destroy the kobold zombie!
The mummy hits you!
* * * LOW HITPOINT WARNING * * *
You closely miss the mummy. You headbutt the mummy.
The mummy is lightly damaged.
The mummy hits you.
* * * LOW HITPOINT WARNING * * *
You barely miss the mummy.
The mummy is lightly damaged.
You block the mummy's attack. The mummy hits you!
You die...

.....
........
........
......
#....#
#....#
#....#
#.M..#
#@M..#
#....#
#....#
#....#
#.∩∩.#
######


You could see 2 mummies.

Vanquished Creatures
  A big kobold (Sewer)
  A gnoll shaman (D:4)
  5 gnolls (D:4)
  6 adders
  A giant mite (D:4)
  A river rat (Sewer)
  3 worms
  5 giant geckos
  An ooze (D:4)
  2 ball pythons
  A bat skeleton (D:4)
  4 giant cockroaches
  2 gnoll zombies (Ossuary)
  6 hobgoblins
  14 kobolds
  3 quokkas
  7 bats
  5 giant newts
  11 goblins
  A hobgoblin zombie (Ossuary)
  12 jackals
  A kobold zombie (Ossuary)
  11 rats
104 creatures vanquished.

Notes
Turn   | Place    | Note
--------------------------------------------------------------
     0 | D:1      | dearth, the Minotaur Fighter, began the quest for the Orb.
     0 | D:1      | Reached XP level 1. HP: 19/19 MP: 1/1
   111 | D:1      | Reached XP level 2. HP: 27/27 MP: 1/1
   600 | D:2      | Reached skill level 4 in Fighting
   618 | D:2      | Reached XP level 3. HP: 14/33 MP: 2/2
   969 | D:2      | Reached XP level 4. HP: 37/41 MP: 2/2
  1587 | D:3      | Found a stormy altar of Qazlal.
  1647 | D:3      | Reached XP level 5. HP: 45/47 MP: 2/2
  2103 | D:4      | Found a glowing drain.
  2118 | Sewer    | Entered a sewer
  2178 | Sewer    | Reached skill level 5 in Maces & Flails
  2206 | Sewer    | Found a white marble altar of Elyvilon.
  2368 | D:4      | Reached skill level 5 in Fighting
  2368 | D:4      | Reached skill level 5 in Shields
  2370 | D:4      | Reached XP level 6. HP: 38/56 MP: 3/3
  2457 | D:4      | Noticed Misdraevus' ghost (average DsGl)
  2517 | D:4      | Found a sand-covered staircase.
  2526 | Ossuary  | Entered an ossuary
  2577 | Ossuary  | Mangled by a mummy

Action                   |  1- 3 |  4- 6 || total
-------------------------+-------+-------++-------
Melee: Flail             |    83 |   166 ||   249
  Use: Potion            |       |     2 ||     2
  Eat: Chunk             |       |     4 ||     4
       Beef jerky        |       |     1 ||     1
